Map: Ulrena

Players

Requiem - Winner!

  • Race: Protoss Protoss
  • League: Diamond

LilDicky

  • Race: Terran Terran
  • League: Diamond

VOD

http://www.twitch.tv/tumescentpie

Description

Time

  • Played on: Dec. 12, 2015, 10:45 p.m.
  • Length: 9:00
Show
View Real Time Build Order
Export as new Build Order

Requiem Protoss - Winner!

Build Orders: 1 Gate Expand 

Get SALT Encoding   

  12  0:01  Probe (Chrono Boost)  
  13  0:11  Probe (Chrono Boost)  
  14  0:19  Pylon  
  14  0:22  Probe (Chrono Boost)  
  15  0:38  Gateway  
  15  0:40  Assimilator  
  15  0:44  Probe (Chrono Boost)  
  16  0:54  Probe (Chrono Boost)  
  17  1:05  Probe (Chrono Boost)  
  18  1:16  Probe (Chrono Boost)  
  19  1:26  Probe (Chrono Boost)  
  20  1:35  Cybernetics Core  
  20  1:43  Probe (Chrono Boost)  
  20  1:44  Nexus  
  21  1:55  Pylon  
  21  1:59  Assimilator  
  21  2:00  Probe (Chrono Boost)  
  22  2:13  Adept (Chrono Boost)  
  22  2:14  Warp Gate (Chrono Boost)  
  24  2:17  Mothership Core  
  28  2:37  Adept (Chrono Boost)  
  28  2:38  Probe  
  29  2:50  Probe  
  30  2:56  Gateway  
  30  2:58  Pylon  
  30  3:02  Probe x2  
  30  3:04  Pylon  
  32  3:18  Robotics Facility  
  32  3:22  Probe  
  32  3:25  Probe  
  34  3:33  Probe  
  34  3:40  Twilight Council  
  36  3:41  Probe  
  36  3:47  Probe  
  36  3:48  Sentry x2  
  41  3:56  Probe  
  41  3:57  Assimilator  
  41  3:58  Probe  
  43  4:07  Observer (Chrono Boost)  
  43  4:08  Probe  
  43  4:09  Probe  
  46  4:19  Probe  
  46  4:20  Probe  
  46  4:24  Resonating Glaives (Chrono Boost), Pylon  
  48  4:26  Observer (Chrono Boost)  
  48  4:30  Probe, Assimilator  
  49  4:33  Probe  
  51  4:40  Stalker, Probe  
  51  4:44  Stalker  
  56  4:52  Warp Prism (Chrono Boost)  
  58  4:54  Probe  
  58  4:55  Probe  
  60  5:04  Pylon  
  60  5:06  Probe x2  
  61  5:11  Stalker  
  63  5:24  Observer  
  63  5:25  Forge  
  62  5:40  Stalker  
  62  5:41  Stalker  
  59  5:52  Observer  
  59  6:04  Stalker x2  
  59  6:17  Immortal  
  61  6:28  Adept x2  
  61  6:32  Probe  
  61  6:33  Probe  
  63  6:43  Probe  
  63  6:45  Gateway, Probe  
  63  6:46  Blink (Chrono Boost)  
  63  6:48  Gateway  
  63  6:49  Gateway  
  63  6:50  Photon Cannon  
  63  6:52  Photon Cannon  
  63  6:53  Stalker  
  63  6:54  Stalker  
  67  6:56  Immortal  
  65  7:10  Pylon  
  65  7:13  Pylon  
  65  7:14  Protoss Ground Weapons Level 1 (Chrono Boost)  
  65  7:22  Photon Cannon  
  65  7:24  Stalker  
  67  7:30  Stalker  
  69  7:48  Stalker x2  
  69  7:49  Stalker  
  69  7:51  Sentry  
  77  7:58  Stalker  
  79  7:59  Probe x2  
  81  8:11  Probe  
  82  8:19  Pylon  
  78  8:20  Pylon  
  78  8:26  Stalker x3  
  83  8:36  Stalker  
  83  8:41  Stalker  
  76  8:52  Stalker x3  
Show
View Real Time Build Order
Export as new Build Order

LilDicky Terran 

Build Orders: Banshee Rush 

Get SALT Encoding   

  12  0:01  SCV  
  13  0:13  SCV  
  14  0:20  Supply Depot  
  14  0:25  SCV  
  15  0:39  Refinery  
  15  0:42  SCV  
  16  0:48  Barracks  
  16  0:54  SCV  
  17  1:06  SCV  
  18  1:18  SCV  
  18  1:21  Supply Depot  
  19  1:30  SCV  
  20  1:36  Refinery  
  20  1:42  Marine  
  20  1:43  Orbital Command  
  21  2:02  Marine  
  22  2:22  SCV, Marine  
  23  2:28  Factory  
  23  2:29  Supply Depot  
  24  2:34  SCV  
  25  2:40  Marine  
  25  2:46  SCV  
  26  2:58  SCV, Marine  
  27  3:00  Supply Depot  
  28  3:13  Starport  
  28  3:15  Factory Tech Lab, SCV  
  28  3:16  Marine  
  28  3:17  Starport  
  30  3:27  SCV  
  30  3:34  Marine  
  32  3:39  Factory Tech Lab  
  32  3:40  SCV  
  33  3:51  Marine  
  34  3:56  Banshee, Cloaking Field  
  37  4:03  Banshee  
  37  4:04  Supply Depot  
  37  4:06  SCV  
  37  4:07  Widow Mine  
  43  4:13  Engineering Bay  
  43  4:14  Marine  
  44  4:18  SCV  
  45  4:30  SCV  
  46  4:33  Marine  
  47  4:39  Banshee  
  50  4:46  Banshee  
  50  4:52  SCV  
  54  4:53  Marine  
  54  4:57  Missile Turret  
  55  5:11  Missile Turret  
  55  5:27  Command Center, Supply Depot  
  55  5:28  Supply Depot  
  55  5:48  Banshee  
  55  5:49  SCV  
  56  6:07  Banshee  
  56  6:08  Marine  
  55  6:25  Marine  
  55  6:31  Banshee  
  55  6:32  Command Center  
  52  6:35  Hellion  
  46  6:48  Engineering Bay  
  46  6:50  Banshee  
  49  6:56  Hellion  
  47  7:12  Orbital Command  
  47  7:14  Banshee  
  47  7:15  SCV  
  51  7:25  Widow Mine  
  51  7:27  SCV  
  51  7:29  Marine  
  55  7:33  Banshee  
  55  7:36  Missile Turret  
  58  7:37  Barracks  
  58  7:39  SCV  
  58  7:42  Barracks  
  59  7:47  Marine  
  59  7:51  SCV  
  61  7:54  Bunker  
  61  7:57  Banshee  
  64  8:03  SCV  
  65  8:12  SCV, Marine  
  66  8:15  SCV  
  65  8:30  Marine  
Tags
 
Add a new tag
Caveats
  • Supply blocks, unpowered buildings, or Contaminate may cause inaccurate times.
  • Supply counts are checked every 10 seconds.